 Dungeon Crawl Stone Soup version 0.31-a0-95-g6fa058ef04 (webtiles) character file.

Game seed: 4007764705312420856

394 Sobieck the Firebug (level 6, -3/32 HPs)
             Began as a Tengu Fire Elementalist on May 25, 2023.
             Was an Initiate of Vehumet.
             Slain by Edmund
             ... wielding a +0 flail of protection
              (11 damage)
             ... on level 4 of the Dungeon.
             The game lasted 00:09:31 (4996 turns).

Sobieck the Firebug (Tengu Fire Elementalist)       Turns: 4996, Time: 00:09:31

Health: -3/32      AC:  3    Str:  8    XL:     6   Next: 81%
Magic:  2/13       EV: 14    Int: 17    God:    Vehumet [......]
Gold:   137        SH:  0    Dex: 15    Spells: 10/13 levels left

rFire   + . .        (no weapon)
rCold   . . .        (no shield)
rNeg    . . .        a - +0 robe
rPois   .            (helmet restricted)
rElec   .            o - scarf {+Inv}
rCorr   .            v - +0 pair of gloves
SInv    .            (boots unavailable)
Will    .....        p - amulet of magic regeneration
Stlth   ++           c - ring of protection from cold
HPRegen 0.25/turn    u - ring of fire
MPRegen 0.53/turn

%: no passive effects
@: flying quickly and evasively, quick
A: beak, talons 3, nimble flight
a: Renounce Religion, Evoke Invisibility


You were on level 4 of the Dungeon.
You worshipped Vehumet.
Vehumet was noncommittal.
You visited 1 branch of the dungeon, and saw 4 of its levels.
You also visited: Ossuary.

You collected 137 gold pieces.

Inventory:

Armour
 a - a +0 robe (worn)
 o - a scarf of invisibility (worn)
 v - a +0 pair of gloves (worn)
Jewellery
 c - a ring of protection from cold (left hand)
 p - an amulet of magic regeneration (around neck)
 s - a ring of see invisible
 u - a ring of fire (right hand)
Scrolls
 h - a scroll of vulnerability
 q - a scroll of enchant armour
 B - a scroll of blinking
 M - a scroll of magic mapping
 T - 2 scrolls of teleportation
Potions
 b - 4 potions of magic
 e - 3 potions of heal wounds
 f - a potion of cancellation
 k - 2 potions of attraction
 m - a potion of lignification
 w - a potion of might


   Skills:
 - Level 2.1 Dodging
 - Level 2.0 Stealth
 + Level 4.1 Spellcasting
 + Level 5.0 Conjurations
 + Level 5.3 Fire Magic


You had 10 spell levels left.
You knew the following spells:

 Your Spells              Type           Power      Damage    Failure   Level
a - Foxfire               Conj/Fire      100%       2x1d9     2%          1
b - Scorch                Fire           64%        2d8       2%          2

Your spell library contained the following spells:

 Spells                   Type           Power      Damage    Failure   Level
 Apportation              Tloc           6%         N/A       16%         1
 Necrotise                Necr           12%        1d4       16%         1
 Slow                     Hex            12%        N/A       16%         1
 Summon Small Mammal      Summ           12%        N/A       16%         1
 Inner Flame              Hex/Fire       16%        N/A       19%         3
 Volatile Blastmotes      Fire/Tloc      32%        2d12      19%         3
 Flame Wave               Conj/Fire      29%        2d9       22%         4
 Confusing Touch          Hex            3%         N/A       43%         3
 Vampiric Draining        Necr           3%         2d6       43%         3
 Storm Form               Tmut/Air       0%         N/A       100%        7
 Maxwell's Capacitive Co  Air            1%         ∞         100%        8


Dungeon Overview and Level Annotations

Branches:
Dungeon (4/15)            Ossuary (visited)
 Temple: D:4-7

Altars:
Elyvilon
Trog
Vehumet
The Shining One

Annotations:
D:4 Edmund


Innate Abilities, Weirdness & Mutations

You have a beak for a mouth.
You have claws for feet.
Your magical nature lets you fly swiftly and evasively.


Message History

The foxfire hits Edmund but does no damage.
Edmund is moderately wounded.
The foxfire hits Edmund.
Edmund is heavily wounded.
Edmund barely misses you.
You feel a surge of power!
You conjure some foxfire!
The foxfire hits Edmund but does no damage.
Edmund is moderately wounded.
The foxfire hits Edmund but does no damage.
Edmund is moderately wounded.
Edmund hits you with a +0 flail of protection!
You feel a surge of power!
You conjure some foxfire!
The foxfire hits Edmund but does no damage.
Edmund is moderately wounded.
The foxfire hits Edmund.
Edmund is heavily wounded.
Edmund barely misses you.
You feel a surge of power!
You conjure some foxfire!
The foxfire hits Edmund but does no damage.
Edmund is heavily wounded.
Edmund hits you with a +0 flail of protection.
Casting: Foxfire (safe; 2% risk of failure)
Confirm with . or Enter, or press ? or * to list all spells.
You feel a surge of power!
Flames lash Edmund.
Edmund is severely wounded.
Edmund's fire resistance burns away.
The foxfire hits Edmund but does no damage.
Edmund is severely wounded.
The foxfire hits Edmund but does no damage.
Edmund is severely wounded.
The foxfire hits Edmund!
Edmund is burned terribly!
Edmund is almost dead.
Edmund barely misses you.
Casting: Scorch (safe; 2% risk of failure)
Confirm with . or Enter, or press ? or * to list all spells.
You feel a surge of power!
Flames lash Edmund but do no damage.
Edmund hits you with a +0 flail of protection!
* * * LOW HITPOINT WARNING * * *
Unknown command.
You are too injured to fight recklessly!
Unknown command.
Casting: Scorch (safe; 2% risk of failure)
Confirm with . or Enter, or press ? or * to list all spells.
You feel a surge of power!
You conjure some foxfire!
Edmund closely misses you.
The foxfire hits Edmund but does no damage.
Edmund is almost dead.
The foxfire hits Edmund but does no damage.
Edmund is almost dead.
Edmund hits you with a +0 flail of protection!
You die...

*,,,,,,,*#####...+.....##..
**,,**,,*#..##...#.....####
#####*,,,...##..##.##..##..
#...#*,,*#..##..##.##..##..
#...######..##§§§§..#...#..
##..##..##..##§§§...#...#..
##'###..#...#§§§§...#...#..
#....#..#.@.#§§§§§..#...#..
#....'..#.@.#§§§§§..#...#..
##.###'###§.###§.§###..##..
#####.###..###...###..##..
#..........#....#(..#...
#..........#....#...#...
######..##.....#...##...##..
##...######.....#..†#######..
#....'..........#...'........
#....#..........#...#........


You could see Edmund (combustible).

Vanquished Creatures
  A scorpion (D:4)
  A jelly (D:4)
  2 orc wizards (D:4)
  A mummy (Ossuary)
  Robin (D:4)
  4 gnolls (D:2)
  3 adders
  3 worms (D:2)
  2 dart slugs
  3 orcs (D:4)
  4 spectral bats (Ossuary)
  5 bats
  10 endoplasms
  5 giant cockroaches
  16 goblins
  10 hobgoblins
  7 jackals (D:1)
  5 kobolds
  3 quokkas
  6 ball pythons
  5 bat simulacra (Ossuary)
  2 frilled lizards (D:2)
  12 gnoll zombies (Ossuary)
  3 goblin simulacra (Ossuary)
  6 goblin zombies (Ossuary)
  4 hobgoblin zombies (Ossuary)
  3 kobold simulacra (Ossuary)
  3 kobold zombies (Ossuary)
  5 orc zombies (Ossuary)
  3 rats (D:1)
  6 rat simulacra (Ossuary)
  5 spectral goblins (Ossuary)
  3 spectral kobolds (Ossuary)
  4 spectral rats (Ossuary)
156 creatures vanquished.

Vanquished Creatures (others)
  705 foxfires
705 creatures vanquished.

Grand Total: 861 creatures vanquished

Notes
Turn   | Place    | Note
-------+----------+-------------------------------------------
     0 | D:1      | Sobieck the Tengu Fire Elementalist began the quest for the
                  | Orb.
     0 | D:1      | Reached XP level 1. HP: 10/10 MP: 4/4
   153 | D:1      | Reached XP level 2. HP: 12/15 MP: 0/6
   332 | D:1      | Learned a level 2 spell: Scorch
   733 | D:1      | Reached XP level 3. HP: 19/19 MP: 4/7
  1671 | D:2      | Reached XP level 4. HP: 24/24 MP: 5/9
  1673 | D:2      | Reached skill level 3 in Conjurations
  1827 | D:2      | Reached skill level 3 in Spellcasting
  2512 | D:2      | Gained mutation: Your magical nature lets you fly swiftly
                  | and evasively. [Tengu growth]
  2512 | D:2      | Reached XP level 5. HP: 28/28 MP: 8/10
  3024 | D:3      | Found a glowing golden altar of the Shining One.
  3024 | D:3      | You are sucked into a shaft and drop 1 floor!
  3191 | D:4      | Reached XP level 6. HP: 24/32 MP: 7/12
  3236 | D:4      | Found a sand-covered staircase.
  3244 | Ossuary  | Entered an ossuary
  4027 | D:4      | Noticed Robin
  4042 | D:4      | Killed Robin
  4482 | D:3      | Found a faded altar of an unknown god.
  4487 | D:3      | Found a bloodstained altar of Trog.
  4788 | D:4      | Found a radiant altar of Vehumet.
  4788 | D:4      | Found a white marble altar of Elyvilon.
  4791 | D:4      | Became a worshipper of Vehumet
  4977 | D:4      | Noticed Edmund
  4996 | D:4      | Slain by Edmund

Illustrated notes

Levels and vault maps discovered:
D:1:      nagdon_arrival_double_spiral, layout_loops_corners
D:2:      layout_rooms, hangedman_decor_push, minmay_misc_feat_iff
D:3:      layout_loops_corners, nicolae_overflow_crystal_walls,
          nicolae_overflow_ecumenical_swirl
D:4:      layout_gridville, gammafunk_temple_overflow_elements,
          nicolae_ossuary_entry_plus, uniq_robin, uniq_crazy_yiuf_cottage,
          uniq_edmund

Skill      XL: |  1  2  3  4  5  6 |
---------------+-------------------+-----
Conjurations   | 2 3 4 5 |  5.0
Fire Magic     | 4 5 |  5.3
Spellcasting   | 3 4 |  4.1
Dodging        | |  2.1
Stealth        | |  2.0

Action                     |  1- 3 |  4- 6 || total
---------------------------+-------+-------++-------
  Melee: Unarmed           |    14 |       ||    14
         Kick              |     3 |       ||     3
         Peck              |     1 |       ||     1
   Cast: Foxfire           |    74 |   350 ||   424
         Scorch            |       |     3 ||     3
    Use: Scroll            |       |    14 ||    14
 Armour: Robe              |     2 |    15 ||    17
  Dodge: Dodged            |    32 |    64 ||    96

Table legend: (Time is in decaauts)
 A = Elapsed time spent in this place.
 B = Non-inter-level travel time spent in this place.
 C = Inter-level travel time spent in this place.
 D = Time resting spent in this place.
 E = Time spent auto-exploring this place.
 F = Levels seen in this place.
 G = Mean time per level.
                   A        B        C        D        E       F      G
               +--------+--------+--------+--------+--------+-----+--------+
         Total |   4830 |   4638 |    192 |    338 |   3300 |   5 |  966.0 |
       Dungeon |   4121 |   3929 |    192 |    130 |   3159 |   4 | 1030.2 |
       Ossuary |    709 |    709 |      0 |    208 |    140 |   1 |  709.0 |
               +--------+--------+--------+--------+--------+-----+--------+

Top non-repeatable levels by time:
     D:1: 1558 daAuts
     D:2: 1061 daAuts
     D:3: 873 daAuts
 Ossuary: 709 daAuts
     D:4: 628 daAuts
